cohdb
Replays
Latest Replays
All Replays
Popular Replays
Top Player Replays
Match Explorer
How It Works
Community
CoH3 Stats
Reddit
Sign in to upload your games and track your stats! →
Sign in with Steam
Match 43497462
Unlisted
Match 43497462
Overview
Messages
Build Orders
End
Pioneer Squad
Construct Infanterie Kompanie
Selects Mechanized Battlegroup
MG 42 Machine Gun Team
MG 42 Machine Gun Team
GrW 34 Mortar Team
Construct Luftwaffe Kompanie
Jäger Squad
Selects Mobile Repair Stations
Jäger Squad
221 Scout Car
Luftwaffe Officer Quarters
Pioneer Squad
Forward Retreat Point
Medical Bunker
Selects Wespe Self-propelled Artillery
Wespe Self-propelled Artillery
Wespe Self-propelled Artillery
Selects Raid Package
Construct Panzer Kompanie
Selects 8 Rad Armored Car
MG 42 Bunker
Selects UNKNOWN (2160084)
Panther Heavy Tank
MAOMAO-Y8Z
MSZW
活捉新菜鸟
聋美尔
Jm200092
Ciallo~(∠・ω< )⌒★
Manganu
Patton
0
0
Comments
sign in to comment!
No comments posted yet!